 Dungeon Crawl Stone Soup version 0.28.0-53-g5a82cb258f (webtiles) character file.

Game seed: 13858399113646004653

44 safid the Digger (level 3, -3/20 HPs)
             Began as a Gargoyle Earth Elementalist on Aug 29, 2022.
             Slain by Terence
             ... wielding a +0 mace
              (4 damage)
             ... on level 2 of the Dungeon.
             The game lasted 00:02:30 (2300 turns).

safid the Digger (Gargoyle Earth Elementalist)      Turns: 2300, Time: 00:02:31

Health: -3/20      AC:  6    Str: 11    XL:     3   Next: 62%
Magic:  0/6        EV: 12    Int: 17    God:
Gold:   117        SH:  0    Dex: 10    Spells: 5/6 levels left

rFire   . . .      SeeInvis .   f - +0 short sword
rCold   . . .      Faith    .   (no shield)
rNeg    + . .      Spirit   .   b - +0 robe
rPois   ∞          Reflect  .   d - +0 helmet
rElec   +          Harm     .   (no cloak)
rCorr   .          Rampage  .   (no gloves)
Will    .....                   (no boots)
Stlth   ++........              (no amulet)
HPRegen 0.06/turn               (no ring)
MPRegen 0.10/turn               (no ring)

@: no status effects
A: sickness immunity, AC +3, negative energy resistance 1, electricity
resistance, torment resistance 1, petrification resistance
a: no special abilities


You were on level 2 of the Dungeon.
You visited 1 branch of the dungeon, and saw 2 of its levels.

You collected 117 gold pieces.

Inventory:

Hand Weapons
 f - a +0 short sword (weapon)
Missiles
 c - 24 stones
Armour
 b - a +0 robe (worn)
 d - a +0 helmet (worn)
Scrolls
 e - 2 scrolls of enchant armour {unknown}
Potions
 a - 2 potions of curing {unknown}
 g - a potion of attraction {unknown}
 h - 2 potions of degeneration {unknown}


   Skills:
 + Level 1.5 Fighting
 - Level 2.0 Dodging
 - Level 2.1 Stealth
 + Level 2.4 Spellcasting
 - Level 1.0 Transmutations
 + Level 4.1 Earth Magic


You had 5 spell levels left.
You knew the following spells:

 Your Spells              Type           Power      Damage    Failure   Level
a - Sandblast             Erth           32%        2d9       3%          1

Your spell library contained the following spells:

 Spells                   Type           Power      Damage    Failure   Level
 Passwall                 Tmut/Erth      8%         N/A       10%         2
 Animate Skeleton         Necr           4%         N/A       19%         1
 Apportation              Tloc           4%         N/A       19%         1
 Summon Small Mammal      Summ           8%         N/A       19%         1
 Stone Arrow              Conj/Erth      18%        3d8       24%         3
 Call Canine Familiar     Summ           2%         N/A       50%         3
 Summon Guardian Golem    Hex/Summ       2%         N/A       50%         3
 Petrify                  Tmut/Erth      10%        N/A       54%         4
 Summon Forest            Summ/Tloc      1%         N/A       99%         5
 Summon Mana Viper        Hex/Summ       2%         N/A       99%         5
 Summon Cactus Giant      Summ           1%         N/A       100%        6


Dungeon Overview and Level Annotations

Branches:
Dungeon (2/15)

Altars:

Annotations:
D:2 Terence


Innate Abilities, Weirdness & Mutations

You are immune to sickness and miasma.
Your stone body is resilient. (AC +3)
You are immune to poison.
You resist negative energy. (rN+)
You are resistant to electric shocks. (rElec)
You are resistant to unholy torment.
You are immune to petrification.


Message History

You hit Terence.
Terence is heavily wounded.
Terence closely misses you. Terence barely misses you.
You hit Terence but do no damage.
Terence is heavily wounded.
Terence closely misses you.
You completely miss Terence.
Terence is heavily wounded.
Terence barely misses you.
You closely miss Terence.
Terence is heavily wounded.
Terence hits you with a +0 mace!
* * * LOW HITPOINT WARNING * * *
You are too injured to fight recklessly!
You hit Terence.
Terence is severely wounded.
Terence hits you with a +0 mace.
* * * LOW HITPOINT WARNING * * *
You closely miss Terence.
Terence is severely wounded.
Terence hits you with a +0 mace.
* * * LOW HITPOINT WARNING * * *
Terence shouts, "Get ready for death!"
Things that are here:
a +0 dagger; a kobold corpse
Casting: Sandblast (safe; 3% risk of failure)
Confirm with . or Enter, or press ? or * to list all spells.
Aiming: Sandblast (safe; 3% risk of failure)
Press: ? - help, Shift-Dir - straight line, f/p - Terence
Aim: Terence, wielding a +0 mace and wearing a +0 chain mail (severely wounded, 85% to hit)
The blast of sand misses Terence.
Terence closely misses you.
Unknown command.
You closely miss Terence.
Terence is severely wounded.
Terence hits you with a +0 mace.
* * * LOW HITPOINT WARNING * * *
You hit Terence.
Terence is severely wounded.
Terence hits you with a +0 mace.
You die...

... #.# #.. #.# #.# #.#
###.# #.### ##.#.#
##.#.##
.####....########.....##
.'..............>.......
####....########.#...##
##.@...# #.##.## #@#.#.#
#.#### #.#.#.# #.#
#.....######.#####
#:.#..##.........#
#.....##.###.###.#
#.#.#.##.# #.###.##
#.....##.# #.......
###.## #.# #####.##


You could see Terence.

Vanquished Creatures
  A dart slug (D:1)
  2 ball pythons
  5 bats
  4 giant cockroaches
  3 hobgoblins (D:1)
  3 jackals (D:1)
  3 quokkas
  4 frilled lizards
  6 goblins
  4 kobolds
  A rat (D:2)
36 creatures vanquished.

Notes
Turn   | Place    | Note
-------+----------+-------------------------------------------
     0 | D:1      | safid the Gargoyle Earth Elementalist began the quest for
                  | the Orb.
     0 | D:1      | Reached XP level 1. HP: 10/10 MP: 3/3
   811 | D:1      | Found a faded altar of an unknown god.
   857 | D:1      | Reached skill level 1 in Transmutations
   857 | D:1      | Reached XP level 2. HP: 5/16 MP: 3/5
  1337 | D:1      | Reached skill level 1 in Fighting
  1449 | D:1      | Reached XP level 3. HP: 13/20 MP: 6/6
  1758 | D:1      | Reached skill level 4 in Earth Magic
  2277 | D:2      | Noticed Terence
  2299 | D:2      | HP: 1/20 [Terence/+0 mace (1)]
  2300 | D:2      | Slain by Terence

Illustrated notes

Levels and vault maps discovered:
D:1:      amcnicky_arrival_underground_garden, layout_basic,
          hellmonk_ecumenical_altar_crossroads, hangedman_decor_growths
D:2:      layout_loops_corners, chequers_big_river, uniq_terence

Skill      XL: |  1  2  3 |
---------------+----------+-----
Transmutations | 1 |  1.0
Fighting       | 1 |  1.5
Earth Magic    | 4 |  4.1
Dodging        | 2 |  2.0
Stealth        | |  2.1
Spellcasting   | |  2.4

Action                   || total
-------------------------++-------
Melee: Club              ||    35
       Unarmed           ||    17
       Short sword       ||   126
       Punch             ||     1
 Cast: Sandblast         ||    15
 Stab: Sleeping          ||     2
Armor: Robe              ||    89
Dodge: Dodged            ||   132
